 Dungeon Sprint DCSS version 0.30.0-2-g1aa4bd4387 (webtiles) character file.

Game seed: 10097015246910781203

5596 Groucho the Nimble (level 10, -7/44 HPs)
             Began as a Spriggan Earth Elementalist on May 7, 2023.
             Was the Champion of Dithmenos.
             Mangled by a demonic crawler (12 damage)
             ... in the Dungeon (Sprint VII: "The Pits").
             The game lasted 00:10:11 (3929 turns).

Groucho the Nimble (Spriggan Earth Elementalist)    Turns: 3929, Time: 00:10:12

Health: -7/44      AC:  3    Str:  9    XL:     10   Next: 45%
Magic:  14/28      EV: 30    Int: 19    God:    Dithmenos [******]
Gold:   0          SH:  0    Dex: 16    Spells: 32/36 levels left

rFire   . . .        l - +2 dagger (elec)
rCold   . . .        (no shield)
rNeg    . . .        a - +0 robe
rPois   .            (helmet restricted)
rElec   .            p - +0 cloak
rCorr   .            (gloves unavailable)
SInv    +            (boots unavailable)
Will    +....        (no amulet) Stlth *+++++++++
                     m - +3 ring of evasion
HPRegen 0.27/turn    n - +3 ring of strength
MPRegen 0.21/turn

%: no teleportation
@: wreathed by umbra, very quick
A: very small, no large weapons, unfitting armour, see invisible, speed 3
a: Renounce Religion, Shadow Step, Shadow Form


You were in the Dungeon.
You worshipped Dithmenos.
Dithmenos was exalted by your worship.
You visited 1 branch

Inventory:

Hand Weapons
 h - a +2 dagger
 l - a +2 dagger of electrocution (weapon)
Armour
 a - a +0 robe (worn)
 p - a +0 cloak (worn)
Jewellery
 m - a +3 ring of evasion (left hand)
 n - a +3 ring of strength (right hand)
Scrolls
 j - 5 scrolls of amnesia
 k - a scroll of butterflies
Potions
 b - 4 potions of magic
 c - 7 potions of curing
 d - 7 potions of heal wounds
 e - 4 potions of haste
 f - 3 potions of berserk rage
 i - 2 potions of invisibility
 o - 3 potions of might


   Skills:
 + Level 9.8 Short Blades
 + Level 14.8 Dodging
 - Level 14.0 Stealth
 + Level 13.8 Spellcasting
 + Level 7.5 Conjurations
 - Level 1.3 Transmutations
 + Level 10.9 Earth Magic


You had 32 spell levels left.
You knew the following spells:

 Your Spells              Type           Power      Damage    Failure   Level
a - Sandblast             Erth           100%       2d20      1%          1
b - Stone Arrow           Conj/Erth      96%        3d13      1%          3

Your spell library contained the following spells:

 Spells                   Type           Power      Damage    Failure   Level
 Passwall                 Tmut/Erth      30%        N/A       1%          2
 Petrify                  Tmut/Erth      36%        N/A       4%          4


Dungeon Overview and Level Annotations

Branches:
Dungeon (1/1)

Altars:
Ashenzari
Cheibriados
Dithmenos
Elyvilon
Fedhas
Gozag
Hepliaklqana
Kikubaaqudgha
Makhleb
Nemelex Xobeh
Okawaru
Qazlal
Ru
Sif Muna
Trog
Uskayaw
Vehumet
Wu Jian
Xom
Yredelemnul
Zin
The Shining One
Jiyva
Lugonu


Innate Abilities, Weirdness & Mutations

You are very small and have problems with some larger weapons.
You are too small for most types of armour.
You have supernaturally acute eyesight. (SInv)
You cover ground extremely quickly. (Speed+++)


Message History

Unknown command.
Unknown command.
Casting: Stone Arrow (safe; 1% risk of failure)
Confirm with . or Enter, or press ? or * to list all spells.
You don't have enough magic to cast this spell.
Casting: Stone Arrow (safe; 1% risk of failure)
Confirm with . or Enter, or press ? or * to list all spells.
Aiming: Sandblast (safe; 1% risk of failure)
Press: ? - help, Shift-Dir - straight line, f/p - deep troll
Aim: a deep troll (black smoke, almost dead, umbra, 85% to hit)
The blast of sand hits the deep troll!
You kill the deep troll!
Dithmenos accepts your kill.
The troll leather armour is intact enough to wear.
Unknown command.
Magic courses through your body.
The demonic crawler completely misses you. x2
The demonic crawler hits you.
Casting: Sandblast (safe; 1% risk of failure)
Confirm with . or Enter, or press ? or * to list all spells.
Aiming: Stone Arrow (safe; 1% risk of failure)
Press: ? - help, Shift-Dir - straight line, f - demonic crawler
Aim: a demonic crawler (black smoke, umbra, 89% to hit)
The stone arrow hits the demonic crawler!!
The demonic crawler is moderately wounded.
The demonic crawler barely misses you. The demonic crawler hits you!
You emit a cloud of dark smoke.
The demonic crawler completely misses you.
Unknown command.
Casting: Stone Arrow (safe; 1% risk of failure)
Confirm with . or Enter, or press ? or * to list all spells.
Aiming: Stone Arrow (safe; 1% risk of failure)
Press: ? - help, Shift-Dir - straight line, f/p - demonic crawler
Aim: a demonic crawler (black smoke, moderately wounded, umbra, 89% to hit)
The stone arrow hits the demonic crawler!
The demonic crawler is heavily wounded.
The demonic crawler hits you!
* * * LOW HITPOINT WARNING * * *
You emit a cloud of dark smoke.
The demonic crawler hits you!
You die...

#####'#####''######
##.......##''#####
##.......##......#
##.......##......# .
##...<...###....## ###..
##.......# ##''## ##..'..
##.......###....###..†.#
##.......##..§.§§#§...##..
##########)..§§@s§...'...
###########...§§§#§...##..
....#..[.###..§§###....#
.)..#..[[# ##''## ##..'..
)...'..))###....## ###..
....#..))##......# .
....#..))##......#
##################


You could see a demonic crawler.

Vanquished Creatures
  A deep troll (D)
  A demonic crawler (D)
  An elephant (D)
  4 kobold demonologists (D)
  A guardian mummy (D)
  7 dream sheep (D)
  A basilisk (D)
  A water moccasin (D)
  A sky beast (D)
  An orc warrior (D)
  A centaur (D)
  5 wolves (D)
  3 kobold brigands (D)
  A gnoll sergeant (D)
  A scorpion (D)
  5 wights (D)
  3 killer bees (D)
  A crimson imp (D)
  A gnoll bouda (D)
  An orc priest (D)
  An orc wizard (D)
  A mummy (D)
  11 gnolls (D)
  An adder (D)
  2 river rats (D)
  A worm (D)
  5 orcs (D)
  2 endoplasms (D)
  4 jackals (D)
  A ball python (D)
  A frilled lizard (D)
  A giant cockroach zombie (D)
  3 kobolds (D)
  2 rats (D)
77 creatures vanquished.

Notes
Turn   | Place    | Note
-------+----------+-------------------------------------------
     0 | D        | Groucho the Spriggan Earth Elementalist began the quest for
                  | the Orb.
     0 | D        | Reached XP level 1. HP: 9/9 MP: 5/5
    39 | D        | Found a glowing golden altar of the Shining One.
    39 | D        | Found a glowing silver altar of Zin.
    39 | D        | Found a basalt altar of Yredelemnul.
    39 | D        | Found a shimmering altar of Xom.
    39 | D        | Found an ornate altar of the Wu Jian Council.
    39 | D        | Found a bloodstained altar of Trog.
    39 | D        | Found a shimmering blue altar of Sif Muna.
    39 | D        | Found a sacrificial altar of Ru.
    39 | D        | Found a stormy altar of Qazlal.
    39 | D        | Found an iron altar of Okawaru.
    39 | D        | Found a sparkling altar of Nemelex Xobeh.
    39 | D        | Found a burning altar of Makhleb.
    39 | D        | Found a viscous altar of Jiyva.
    39 | D        | Found a hazy altar of Hepliaklqana.
    39 | D        | Found an opulent altar of Gozag.
    39 | D        | Found a blossoming altar of Fedhas.
    39 | D        | Found a white marble altar of Elyvilon.
    39 | D        | Found a shadowy altar of Dithmenos.
    39 | D        | Found a snail-covered altar of Cheibriados.
    41 | D        | Found a corrupted altar of Lugonu.
    41 | D        | Found a radiant altar of Vehumet.
    42 | D        | Found a broken altar of Ashenzari.
    42 | D        | Found an ancient bone altar of Kikubaaqudgha.
    42 | D        | Found a hide-covered altar of Uskayaw.
    47 | D        | Became a worshipper of Dithmenos the Shadowed
    89 | D        | Reached XP level 2. HP: 13/13 MP: 0/7
   570 | D        | Reached * piety under Dithmenos
   576 | D        | Reached ** piety under Dithmenos
   577 | D        | Reached skill level 5 in Stealth
  1090 | D        | Noticed a scorpion
  1118 | D        | Killed a scorpion
  1119 | D        | Reached skill level 5 in Spellcasting
  1119 | D        | Reached XP level 3. HP: 16/16 MP: 4/11
  1119 | D        | Reached XP level 4. HP: 21/21 MP: 4/12
  1420 | D        | Reached *** piety under Dithmenos
  1475 | D        | Noticed a centaur
  1477 | D        | Noticed a gnoll sergeant
  1481 | D        | Reached skill level 5 in Earth Magic
  1483 | D        | Killed a centaur
  1483 | D        | Reached **** piety under Dithmenos
  1484 | D        | Reached XP level 5. HP: 16/24 MP: 5/15
  1598 | D        | Learned a level 3 spell: Stone Arrow
  1622 | D        | Reached ***** piety under Dithmenos
  1696 | D        | Reached skill level 10 in Stealth
  1696 | D        | Reached skill level 1 in Conjurations
  1696 | D        | Reached XP level 6. HP: 14/28 MP: 7/17
  2140 | D        | Noticed a sky beast
  2142 | D        | Killed a sky beast
  2148 | D        | Noticed an orc warrior
  2152 | D        | Killed an orc warrior
  2152 | D        | Reached ****** piety under Dithmenos
  2153 | D        | Reached skill level 1 in Short Blades
  2153 | D        | Reached XP level 7. HP: 32/32 MP: 18/20
  2356 | D        | Noticed a kobold demonologist
  2356 | D        | Noticed a kobold demonologist
  2358 | D        | Noticed a kobold demonologist
  2359 | D        | Reached skill level 10 in Dodging
  2361 | D        | Noticed a kobold demonologist
  2361 | D        | Noticed a neqoxec
  2362 | D        | Noticed a sun demon
  2363 | D        | Noticed an orange demon
  2366 | D        | Killed a kobold demonologist
  2367 | D        | Reached skill level 10 in Spellcasting
  2369 | D        | Killed a kobold demonologist
  2370 | D        | Reached XP level 8. HP: 29/36 MP: 12/23
  2374 | D        | Killed a kobold demonologist
  2375 | D        | Reached skill level 5 in Short Blades
  2376 | D        | Killed a kobold demonologist
  2377 | D        | Reached skill level 5 in Conjurations
  2724 | D        | Noticed a jumping spider
  2724 | D        | Noticed a dream sheep
  2724 | D        | Noticed a dream sheep
  2724 | D        | Noticed a dream sheep
  2724 | D        | Noticed a dream sheep
  2724 | D        | Noticed a dream sheep
  2724 | D        | Noticed a dream sheep
  2724 | D        | Noticed a dream sheep
  2766 | D        | Reached XP level 9. HP: 23/39 MP: 23/25
  3381 | D        | Noticed a guardian mummy
  3382 | D        | Noticed a demonic crawler
  3384 | D        | Killed a guardian mummy
  3385 | D        | Reached skill level 10 in Earth Magic
  3754 | D        | Reached XP level 10. HP: 44/44 MP: 24/27
  3890 | D        | Noticed an elephant
  3901 | D        | Killed an elephant
  3915 | D        | Killed a demonic crawler
  3919 | D        | Noticed a deep troll
  3923 | D        | Noticed a demonic crawler
  3926 | D        | Killed a deep troll
  3929 | D        | Mangled by a demonic crawler

Illustrated notes

Levels and vault maps discovered:
D:        pitsprint [storerooms_1, entrance_room_1, metal_vault_2, armoury_2,
          mini_pit_1, grid_room_1, main_hall_1, silver_pit, the_coven_1,
          the_vestibule_1, steel_vault_5, golden_pit, hallway_of_sentries,
          crystal_vault_2, iron_vault_5, final_vault]

Skill      XL: |  1  2  3  4  5  6  7  8  9 10 |
---------------+-------------------------------+-----
Dodging        | 3 6 7 8 9 11 12 13 14 | 14.8
Stealth        | 4 7 9 10 11 13 14 | 14.0
Spellcasting   | 3 5 7 9 10 11 12 13 | 13.8
Earth Magic    | 3 4 5 6 7 8 10 | 10.9
Conjurations   | 1 3 4 5 6 7 |  7.5
Short Blades   | 1 4 6 8 9 |  9.8
Transmutations | |  1.3

Action                     |  1- 3 |  4- 6 |  7- 9 | 10-12 || total
---------------------------+-------+-------+-------+-------++-------
  Melee: Dagger            |     2 |     4 |     1 |       ||     7
   Cast: Sandblast         |    24 |    41 |    59 |    21 ||   145
         Stone Arrow       |       |       |       |     9 ||     9
 Invoke: Shadow Step       |       |       |     1 |       ||     1
    Use: Potion            |       |       |     1 |     1 ||     2
         Scroll            |       |       |     1 |       ||     1
   Stab: Sleeping          |       |     4 |     1 |       ||     5
 Armour: Robe              |     1 |       |     3 |     3 ||     7
  Dodge: Dodged            |     6 |     8 |    25 |    29 ||    68
